| TOP OF THE 1ST |
|
Chicago (APP) Cubs batting - Pitching for Bristol Pirates : RHP Otok Barleyfoot
|
|
Pitching: RHP Otok Barleyfoot
|
|
|
Batting: RHB Adrian Cox
|
0-0: Swinging Strike 0-1: Called Strike 0-2: Strikes out looking
|
|
Batting: RHB Mike Hill
|
0-0: Called Strike 0-1: Ball 1-1: Swinging Strike 1-2: Ball 2-2: Foul Ball, location: 2F 2-2: Foul Ball, location: 2F 2-2: Ball 3-2: Fly out, F2 (Popup, 3SF, EV 78.1 MPH)
|
|
Batting: RHB T.J. Garrison
|
0-0: Swinging Strike 0-1: Foul Ball, location: 2F 0-2: Ball 1-2: Ball 2-2: Ball 3-2: Foul Ball, location: 2F 3-2: Base on Balls
|
|
Batting: LHB Hiroki Yamamoto
|
0-0: Ball 1-0: Swinging Strike 1-1: Ball 2-1: Called Strike 2-2: Foul Ball, location: 2F 2-2: Strikes out looking
|
| Top of the 1st over - 0 runs, 0 hits, 0 errors, 1 left on base; Chicago (APP) 0 - Bristol 0 |
| BOTTOM OF THE 1ST |
|
Bristol Pirates batting - Pitching for Chicago (APP) Cubs : RHP Anastagio Fasola
|
|
Pitching: RHP Anastagio Fasola
|
|
|
Batting: SHB Don Hauk
|
0-0: Ball 1-0: Ground out 5-3 (Groundball, 5L, EV 104.4 MPH)
|
|
Batting: LHB Randy Boone
|
0-0: Ball 1-0: Called Strike 1-1: Ball 2-1: Foul Ball, location: 2F 2-2: Strikes out swinging
|
|
Batting: RHB Randy Bergman
|
0-0: Foul Ball, location: 2F 0-1: Called Strike 0-2: Strikes out looking
|
| Bottom of the 1st over - 0 runs, 0 hits, 0 errors, 0 left on base; Chicago (APP) 0 - Bristol 0 |
| TOP OF THE 2ND |
|
Chicago (APP) Cubs batting - Pitching for Bristol Pirates : RHP Otok Barleyfoot
|
|
Batting: RHB Dustin Goldsborough
|
0-0: Called Strike 0-1: Called Strike 0-2: Ball 1-2: Foul Ball, location: 2F 1-2: Strikes out swinging
|
|
Batting: RHB Andy Baumhardt
|
0-0: SINGLE (Groundball, 4MS, EV 61.9 MPH) (infield hit)
|
|
Batting: LHB Velimir Sljivancanin
|
Pickoff Throw to First - Out! 1-3 CS 0-0: Called Strike 0-1: Called Strike 0-2: SINGLE (Groundball, 6D, EV 96.9 MPH)
|
|
Batting: RHB Ricardo Saucedo
|
0-0: Swinging Strike 0-1: Ball 1-1: Foul Ball, location: 2F 1-2: Ball 2-2: Strikes out swinging
|
| Top of the 2nd over - 0 runs, 2 hits, 0 errors, 1 left on base; Chicago (APP) 0 - Bristol 0 |
| BOTTOM OF THE 2ND |
|
Bristol Pirates batting - Pitching for Chicago (APP) Cubs : RHP Anastagio Fasola
|
|
Batting: RHB Steve Terres
|
0-0: Called Strike 0-1: Swinging Strike 0-2: Strikes out looking
|
|
Batting: RHB Pete Hutton
|
0-0: Called Strike 0-1: SINGLE (Groundball, 6MD, EV 101.2 MPH)
|
|
Batting: RHB Frank Elizondo
|
0-0: Called Strike 0-1: Ball 1-1: Ball 2-1: Swinging Strike 2-2: Strikes out swinging Pete Hutton steals 2nd base Batter strikes out.
|
|
Batting: RHB Andrew DeRicco
|
0-0: Ball 1-0: Ground out 1-3 (Groundball, 23, EV 73.8 MPH)
|
| Bottom of the 2nd over - 0 runs, 1 hit, 0 errors, 1 left on base; Chicago (APP) 0 - Bristol 0 |
| TOP OF THE 3RD |
|
Chicago (APP) Cubs batting - Pitching for Bristol Pirates : RHP Otok Barleyfoot
|
|
Batting: RHB Bogdan Sdobnyakov
|
0-0: Foul Ball, location: 2F 0-1: Foul Ball, location: 2F 0-2: Strikes out looking
|
|
Batting: RHB Adrian Cox
|
0-0: Called Strike 0-1: Foul Ball, location: 2F 0-2: Foul Ball, location: 2F 0-2: Ball 1-2: Strikes out swinging
|
|
DELAY
|
Rain delay of 66 minutes in the 3rd inning.
|
|
Pitching: RHP Onne Stubbe
|
|
|
Batting: RHB Mike Hill
|
0-0: Ball 1-0: Called Strike 1-1: Fly out, F9 (Flyball, 89M, EV 84.4 MPH)
|
| Top of the 3rd over - 0 runs, 0 hits, 0 errors, 0 left on base; Chicago (APP) 0 - Bristol 0 |
| BOTTOM OF THE 3RD |
|
Bristol Pirates batting - Pitching for Chicago (APP) Cubs : RHP Anastagio Fasola
|
|
Batting: RHB Alain Marquet
|
0-0: Ball 1-0: Foul Ball, location: 2F 1-1: Called Strike 1-2: Ball 2-2: Foul Ball, location: 2F 2-2: Strikes out swinging
|
|
Batting: RHB Rob Colley
|
0-0: Ball 1-0: Called Strike 1-1: Foul Ball, location: 2F 1-2: Foul Ball, location: 2F 1-2: SINGLE (Groundball, 34D, EV 99.4 MPH)
|
|
Batting: SHB Don Hauk
|
0-0: Called Strike 0-1: Swinging Strike 0-2: Strikes out looking
|
|
Batting: LHB Randy Boone
|
0-0: Called Strike 0-1: Swinging Strike 0-2: Ball 1-2: Foul Ball, location: 2F 1-2: Strikes out swinging
|
| Bottom of the 3rd over - 0 runs, 1 hit, 0 errors, 1 left on base; Chicago (APP) 0 - Bristol 0 |
| TOP OF THE 4TH |
|
Chicago (APP) Cubs batting - Pitching for Bristol Pirates : RHP Onne Stubbe
|
|
Batting: RHB T.J. Garrison
|
0-0: Swinging Strike 0-1: Ball 1-1: Foul Ball, location: 2F 1-2: Foul Ball, location: 2F 1-2: Foul Ball, location: 2F 1-2: Strikes out swinging, 2-3 out at first.
|
|
Batting: LHB Hiroki Yamamoto
|
0-0: Foul Ball, location: 2F 0-1: Swinging Strike 0-2: Ball 1-2: Strikes out swinging
|
|
Batting: RHB Dustin Goldsborough
|
0-0: Ball 1-0: Ball 2-0: Foul Ball, location: 2F 2-1: SINGLE (Groundball, 6MD, EV 103.1 MPH) (infield hit)
|
|
Batting: RHB Andy Baumhardt
|
0-0: Called Strike 0-1: Ball 1-1: Called Strike 1-2: Strikes out swinging
|
| Top of the 4th over - 0 runs, 1 hit, 0 errors, 1 left on base; Chicago (APP) 0 - Bristol 0 |
| BOTTOM OF THE 4TH |
|
Bristol Pirates batting - Pitching for Chicago (APP) Cubs : RHP Anastagio Fasola
|
|
Batting: RHB Randy Bergman
|
0-0: Ball 1-0: Called Strike 1-1: Ball 2-1: Ground out U3 (Groundball, 34S, EV 71.2 MPH)
|
|
Batting: RHB Steve Terres
|
0-0: Ball 1-0: Ball 2-0: Ball 3-0: Base on Balls
|
|
Pitching: LHP Tom Mooney
|
|
|
Batting: RHB Pete Hutton
|
0-0: Ball 1-0: Ball 2-0: Swinging Strike 2-1: Swinging Strike 2-2: Strikes out looking
|
|
Batting: RHB Frank Elizondo
|
0-0: Called Strike 0-1: Ball 1-1: Ball Passed Ball! Steve Terres to second 2-1: Ball 3-1: Base on Balls
|
|
Batting: RHB Andrew DeRicco
|
0-0: Called Strike 0-1: Ball 1-1: Ball 2-1: 3-RUN HOME RUN (Flyball, 78XD, EV 104.4 MPH), Distance : 416 ft
|
|
Batting: RHB Alain Marquet
|
0-0: SINGLE (Groundball, 6MD, EV 95.6 MPH)
|
|
Batting: RHB Rob Colley
|
0-0: Ball 1-0: Swinging Strike 1-1: Ball 2-1: Ball 3-1: Base on Balls Alain Marquet to second
|
|
Pitching: RHP Trevor Woodbury
|
|
|
Batting: SHB Don Hauk
|
0-0: Ball 1-0: Ball 2-0: Called Strike 2-1: Foul Ball, location: 2F 2-2: Ball 3-2: SINGLE (Line Drive, 56D, EV 100.0 MPH) Alain Marquet to third Rob Colley to second Alain Marquet scores Rob Colley to third
|
|
Batting: LHB Randy Boone
|
0-0: Called Strike 0-1: SINGLE (Line Drive, 7LS, EV 109.4 MPH) Rob Colley scores Don Hauk to second Runner from 2nd tries for 3rd, SAFE, throw by LF made to third
|
|
Batting: RHB Randy Bergman
|
0-0: Called Strike 0-1: Foul Ball, location: 2F 0-2: Foul Ball, location: 2F 0-2: Ball 1-2: Ball 2-2: Foul Ball, location: 2F 2-2: Foul Ball, location: 2F 2-2: Reached via error on a dropped throw from 3B, E4 (Groundball, 5, EV 89.4 MPH) Don Hauk scores Randy Boone to second
|
|
Batting: RHB Steve Terres
|
0-0: Called Strike 0-1: SINGLE (Line Drive, 6MD, EV 95.0 MPH) Randy Boone to third Randy Bergman to second Runner from 3rd tries for Home, SAFE, throw by CF to home
|
|
Batting: RHB Pete Hutton
|
0-0: Swinging Strike 0-1: Swinging Strike Passed Ball! Randy Bergman to third Steve Terres to second 0-2: Ball 1-2: Ball 2-2: Strikes out swinging
|
| Bottom of the 4th over - 7 runs, 5 hits, 1 error, 2 left on base; Chicago (APP) 0 - Bristol 7 |
| TOP OF THE 5TH |
|
Chicago (APP) Cubs batting - Pitching for Bristol Pirates : RHP Onne Stubbe
|
|
Batting: LHB Velimir Sljivancanin
|
0-0: Ball 1-0: Called Strike 1-1: Foul Ball, location: 2F 1-2: SINGLE (Groundball, 34D, EV 100.6 MPH)
|
|
Batting: RHB Ricardo Saucedo
|
0-0: Called Strike 0-1: Swinging Strike 0-2: Ball Wild Pitch! Velimir Sljivancanin to second 1-2: Foul Ball, location: 2F 1-2: Strikes out swinging
|
|
Batting: RHB Bogdan Sdobnyakov
|
0-0: Foul Ball, location: 2F 0-1: Ball 1-1: Called Strike 1-2: Ball 2-2: Strikes out looking
|
|
Batting: RHB Adrian Cox
|
0-0: Called Strike 0-1: Ball 1-1: Ball 2-1: Called Strike 2-2: Reached on error, E4 (Groundball, 4S, EV 73.1 MPH) Velimir Sljivancanin scores
|
|
Batting: RHB Mike Hill
|
0-0: Called Strike 0-1: Called Strike 0-2: Ball 1-2: Strikes out looking
|
| Top of the 5th over - 1 run, 1 hit, 1 error, 1 left on base; Chicago (APP) 1 - Bristol 7 |
| BOTTOM OF THE 5TH |
|
Bristol Pirates batting - Pitching for Chicago (APP) Cubs : RHP Trevor Woodbury
|
|
Batting: RHB Frank Elizondo
|
0-0: Called Strike 0-1: Foul Ball, location: 2F 0-2: Foul Ball, location: 2F 0-2: Ball 1-2: Foul Ball, location: 2F 1-2: Ball 2-2: Ball 3-2: Foul Ball, location: 2F 3-2: Foul Ball, location: 2F 3-2: Base on Balls
|
|
Batting: RHB Andrew DeRicco
|
0-0: Called Strike 0-1: Fielders Choice at 2nd, 6-4 (Groundball, 6, EV 78.1 MPH)
|
|
Batting: RHB Alain Marquet
|
0-0: Called Strike 0-1: Swinging Strike 0-2: Strikes out looking
|
|
Batting: RHB Rob Colley
|
0-0: Ball 1-0: Foul Ball, location: 2F 1-1: Ball 2-1: Ball 3-1: Called Strike 3-2: Base on Balls Andrew DeRicco to second
|
|
Batting: SHB Don Hauk
|
0-0: Called Strike 0-1: Called Strike 0-2: Ball 1-2: Ball 2-2: Strikes out swinging
|
| Bottom of the 5th over - 0 runs, 0 hits, 0 errors, 2 left on base; Chicago (APP) 1 - Bristol 7 |
| TOP OF THE 6TH |
|
Chicago (APP) Cubs batting - Pitching for Bristol Pirates : RHP Onne Stubbe
|
|
Batting: RHB T.J. Garrison
|
0-0: Ball 1-0: Ball 2-0: Ball 3-0: Called Strike 3-1: Base on Balls
|
|
Batting: LHB Hiroki Yamamoto
|
0-0: Ball 1-0: SINGLE (Groundball, 4D, EV 98.1 MPH) T.J. Garrison to second Runner from 2nd tries for 3rd, SAFE, throw by CF made to third
|
|
Batting: RHB Dustin Goldsborough
|
0-0: Swinging Strike 0-1: Foul Ball, location: 2F 0-2: Ball 1-2: Ball 2-2: Foul Ball, location: 2F 2-2: Ball 3-2: Foul Ball, location: 2F 3-2: Strikes out swinging
|
|
Batting: RHB Andy Baumhardt
|
0-0: Ball 1-0: 3-RUN HOME RUN (Flyball, 89XD, EV 107.5 MPH), Distance : 425 ft
|
|
Pitching: RHP Erik Mulligan
|
|
|
Batting: LHB Velimir Sljivancanin
|
0-0: Ball 1-0: Foul Ball, location: 2F 1-1: SINGLE (Groundball, 34D, EV 106.2 MPH)
|
|
Batting: RHB Ricardo Saucedo
|
0-0: Ball Wild Pitch! Velimir Sljivancanin to second Balk! Velimir Sljivancanin to third 1-0: 2-RUN HOME RUN (Flyball, 7LD, EV 91.2 MPH), Distance : 358 ft
|
|
Batting: RHB Bogdan Sdobnyakov
|
0-0: Ball 1-0: Ball 2-0: Foul Ball, location: 2F 2-1: Ball 3-1: Fly out, F8 (Line Drive, 8LM, EV 94.4 MPH)
|
|
Batting: RHB Adrian Cox
|
0-0: Foul Ball, location: 2F 0-1: Ball 1-1: Ball 2-1: SINGLE (Groundball, 34D, EV 100.0 MPH)
|
|
Batting: RHB Mike Hill
|
0-0: Ball Adrian Cox steals 2nd base 1-0: Ball 2-0: Foul Ball, location: 2F 2-1: Foul Ball, location: 2F 2-2: Ball 3-2: Base on Balls
|
|
Batting: RHB T.J. Garrison
|
0-0: Ball 1-0: Called Strike 1-1: DOUBLE (Line Drive, 78D, EV 107.5 MPH) Adrian Cox scores Mike Hill to third Runner from 3rd tries for Home, SAFE, throw by CF to home
|
|
Batting: LHB Hiroki Yamamoto
|
0-0: Called Strike 0-1: Ball 1-1: Swinging Strike 1-2: Ball 2-2: Ground out 4-3 (Groundball, 4, EV 89.4 MPH)
|
| Top of the 6th over - 7 runs, 6 hits, 0 errors, 1 left on base; Chicago (APP) 8 - Bristol 7 |
| BOTTOM OF THE 6TH |
|
Bristol Pirates batting - Pitching for Chicago (APP) Cubs : RHP Trevor Woodbury
|
|
Batting: LHB Randy Boone
|
0-0: Called Strike 0-1: Ball 1-1: Foul Ball, location: 2F 1-2: Ball 2-2: Strikes out swinging, 2-3 out at first.
|
|
Batting: RHB Randy Bergman
|
0-0: Ball 1-0: Ball 2-0: Foul Ball, location: 2F 2-1: Ball 3-1: Base on Balls
|
|
Batting: RHB Steve Terres
|
0-0: Ball 1-0: Ball 2-0: Ball 3-0: Base on Balls Randy Bergman to second
|
|
Pitching: RHP Jose Mata
|
|
|
Batting: RHB Pete Hutton
|
0-0: Ball 1-0: Called Strike 1-1: Swinging Strike 1-2: Ball 2-2: Foul Ball, location: 2F 2-2: Strikes out swinging
|
|
Batting: RHB Frank Elizondo
|
0-0: Called Strike 0-1: Swinging Strike 0-2: Ball 1-2: Ball 2-2: Ball 3-2: Foul Ball, location: 2F 3-2: Base on Balls Randy Bergman to third Steve Terres to second
|
|
Batting: RHB Andrew DeRicco
|
0-0: Ball 1-0: Ball 2-0: Called Strike 2-1: Fly out, F5 (Popup, 56, EV 71.2 MPH)
|
| Bottom of the 6th over - 0 runs, 0 hits, 0 errors, 3 left on base; Chicago (APP) 8 - Bristol 7 |
| TOP OF THE 7TH |
|
Chicago (APP) Cubs batting - Pitching for Bristol Pirates : RHP Erik Mulligan
|
|
Batting: RHB Dustin Goldsborough
|
0-0: Ball 1-0: Ground out 6-3 (Groundball, 6, EV 86.9 MPH)
|
|
Batting: RHB Andy Baumhardt
|
0-0: Called Strike 0-1: Foul Ball, location: 2F 0-2: Ball 1-2: Ball 2-2: Ball 3-2: SINGLE (Line Drive, 6M, EV 102.5 MPH)
|
|
Batting: LHB Velimir Sljivancanin
|
0-0: Bunt missed! 0-1: Bunted foul 0-2: Ball 1-2: Bunt missed, Strikeout!
|
|
Batting: RHB Ricardo Saucedo
|
0-0: Ball 1-0: Ball 2-0: Ball 3-0: Called Strike 3-1: Base on Balls Andy Baumhardt to second
|
|
Batting: RHB Bogdan Sdobnyakov
|
0-0: Ball 1-0: SINGLE (Groundball, 13S, EV 71.9 MPH) (infield hit) Andy Baumhardt to third Ricardo Saucedo to second
|
|
Batting: RHB Adrian Cox
|
0-0: Ball 1-0: Called Strike 1-1: Called Strike 1-2: Ball 2-2: Foul Ball, location: 2F 2-2: Fielders Choice at 2nd, 6-4 (Groundball, 6, EV 89.4 MPH)
|
| Top of the 7th over - 0 runs, 2 hits, 0 errors, 3 left on base; Chicago (APP) 8 - Bristol 7 |
| BOTTOM OF THE 7TH |
|
Bristol Pirates batting - Pitching for Chicago (APP) Cubs : RHP Jose Mata
|
|
Batting: RHB Alain Marquet
|
0-0: Ground out 5-3 (Groundball, 56, EV 99.4 MPH)
|
|
Batting: RHB Rob Colley
|
0-0: Ball 1-0: Called Strike 1-1: Foul Ball, location: 2F 1-2: Ball 2-2: Strikes out swinging
|
|
Batting: SHB Don Hauk
|
0-0: SINGLE (Groundball, 4MD, EV 103.8 MPH)
|
|
Batting: LHB Randy Boone
|
0-0: Called Strike 0-1: 2-RUN HOME RUN (Flyball, 9LD, EV 96.2 MPH), Distance : 349 ft
|
|
Batting: RHB Randy Bergman
|
0-0: Called Strike 0-1: Ball 1-1: Foul Ball, location: 2F 1-2: Foul Ball, location: 2F 1-2: Reached on error, E5 (Groundball, 56, EV 104.4 MPH)
|
|
Batting: RHB Steve Terres
|
0-0: Called Strike 0-1: Foul Ball, location: 2F 0-2: Foul Ball, location: 2F 0-2: Ball 1-2: Foul Ball, location: 2F 1-2: Ball 2-2: Foul Ball, location: 2F 2-2: Strikes out looking
|
| Bottom of the 7th over - 2 runs, 2 hits, 1 error, 1 left on base; Chicago (APP) 8 - Bristol 9 |
| TOP OF THE 8TH |
|
Chicago (APP) Cubs batting - Pitching for Bristol Pirates : RHP Erik Mulligan
|
|
Batting: RHB Mike Hill
|
0-0: Called Strike 0-1: Ball 1-1: Foul Ball, location: 2F 1-2: Ball 2-2: SINGLE (Groundball, 6S, EV 65.0 MPH) (infield hit)
|
|
Batting: RHB T.J. Garrison
|
0-0: Called Strike 0-1: Called Strike 0-2: Ball 1-2: Ball 2-2: Foul Ball, location: 2F 2-2: Strikes out swinging
|
|
Pitching: RHP Jerry Spitler
|
|
|
Batting: LHB Hiroki Yamamoto
|
0-0: Foul Ball, location: 2F 0-1: Foul Ball, location: 2F 0-2: Ball 1-2: Grounds into double play, 4-6-3 (Groundball, 4, EV 105.0 MPH)
|
| Top of the 8th over - 0 runs, 1 hit, 0 errors, 0 left on base; Chicago (APP) 8 - Bristol 9 |
| BOTTOM OF THE 8TH |
|
Bristol Pirates batting - Pitching for Chicago (APP) Cubs : RHP Jose Mata
|
|
Batting: RHB Pete Hutton
|
0-0: Foul Ball, location: 2F 0-1: Foul Ball, location: 2F 0-2: SINGLE (Groundball, 56S, EV 59.4 MPH) (infield hit)
|
|
Batting: RHB Frank Elizondo
|
0-0: Ball 1-0: Foul Ball, location: 2F 1-1: Ball 2-1: Foul Ball, location: 2F 2-2: Foul Ball, location: 2F 2-2: Ball 3-2: Base on Balls Pete Hutton to second
|
|
Batting: RHB Andrew DeRicco
|
0-0: Swinging Strike 0-1: Foul Ball, location: 2F 0-2: Foul Ball, location: 2F 0-2: Ball 1-2: Fielders Choice at 2nd, 6-4 (Groundball, 6, EV 88.1 MPH) Pete Hutton to third
|
|
Batting: RHB Alain Marquet
|
0-0: Ball Wild Pitch! Pete Hutton scores Andrew DeRicco to second 1-0: Intentional Walk
|
|
Batting: RHB Rob Colley
|
0-0: Swinging Strike 0-1: Called Strike 0-2: Strikes out swinging
|
|
Batting: SHB Don Hauk
|
0-0: Swinging Strike 0-1: Foul Ball, location: 2F 0-2: Strikes out swinging
|
| Bottom of the 8th over - 1 run, 1 hit, 0 errors, 2 left on base; Chicago (APP) 8 - Bristol 10 |
| TOP OF THE 9TH |
|
Chicago (APP) Cubs batting - Pitching for Bristol Pirates : RHP Jerry Spitler
|
|
Batting: RHB Dustin Goldsborough
|
0-0: Swinging Strike 0-1: Foul Ball, location: 2F 0-2: Ball 1-2: Strikes out swinging
|
|
Batting: RHB Andy Baumhardt
|
0-0: Called Strike 0-1: Called Strike 0-2: Strikes out swinging
|
|
Batting: LHB Velimir Sljivancanin
|
0-0: Swinging Strike 0-1: Ball 1-1: Ball 2-1: SINGLE (Line Drive, 8LS, EV 99.4 MPH)
|
|
Batting: RHB Ricardo Saucedo
|
0-0: Foul Ball, location: 2F 0-1: Ball 1-1: Foul Ball, location: 2F 1-2: Strikes out looking
|
| Top of the 9th over - 0 runs, 1 hit, 0 errors, 1 left on base; Chicago (APP) 8 - Bristol 10 |
|